 Dungeon Crawl Stone Soup version 0.28.0-53-g5a82cb258f (webtiles) character file.

Game seed: 7525068539971384419

64 DemonSlayer the Firebug (level 3, -2/36 HPs)
             Began as a Demonspawn Fire Elementalist on Aug 4, 2022.
             Slain by an orc
             ... wielding a +0 war axe
              (8 damage)
             ... on level 3 of the Dungeon.
             The game lasted 00:04:29 (2354 turns).

DemonSlayer the Firebug (DsFE)                      Turns: 2354, Time: 00:04:30

Health: -2/36      AC:  2    Str:  8    XL:     3   Next: 91%
Magic:  5/7        EV: 12    Int: 20    God:
Gold:   118        SH:  0    Dex: 13    Spells: 1/7 levels left

rFire   . . .      SeeInvis .   b - +0 dagger
rCold   . . .      Faith    .   (no shield)
rNeg    . . .      Spirit   .   a - +0 robe
rPois   .          Reflect  .   (no helmet)
rElec   .          Harm     .   (no cloak)
rCorr   .          Rampage  .   j - +0 pair of gloves
Will    .....                   (no boots)
Stlth   ..........              e - amulet of magic regeneration
HPRegen 0.12/turn               f - +6 ring of intelligence
MPRegen 0.50/turn               (no ring)

@: berserking, very quick
A: powered by pain 1, deformed body, dopey 2, passive freeze
a: no special abilities


You were on level 3 of the Dungeon.
You visited 1 branch of the dungeon, and saw 3 of its levels.

You collected 118 gold pieces.

Inventory:

Hand Weapons
 b - a +0 dagger (weapon)
Missiles
 d - 6 curare-tipped darts
 i - 21 sling bullets
Armour
 a - a +0 robe (worn)
 j - a +0 pair of gloves (worn)
Jewellery
 e - an amulet of magic regeneration (around neck)
 f - a +6 ring of intelligence (left hand)
Scrolls
 c - a scroll of fog {unknown}
 g - 2 scrolls of teleportation {unknown}
 k - a scroll of identify {unknown}
 l - a scroll of silence {unknown}
 m - a scroll of magic mapping {unknown}
 n - a scroll of noise {unknown}
Potions
 h - a potion of lignification {unknown}
 o - a potion of mutation


   Skills:
 + Level 1.9 Dodging
 + Level 2.2 Stealth
 + Level 2.8 Spellcasting
 + Level 1.3 Conjurations
 + Level 3.4 Fire Magic


You had one spell level left.
You knew the following spells:

 Your Spells              Type           Power      Damage    Failure   Level
a - Foxfire               Conj/Fire      48%        2x1d6     5%          1
b - Scorch                Fire           32%        2d6       5%          2
c - Conjure Flame         Conj/Fire      12%        6-21      16%         3

Your spell library contained the following spells:

 Spells                   Type           Power      Damage    Failure   Level
 Inner Flame              Hex/Fire       9%         N/A       22%         3
 Flame Wave               Conj/Fire      12%        2d6       47%         4


Dungeon Overview and Level Annotations

Branches:
Dungeon (3/15)

Altars:


Innate Abilities, Weirdness & Mutations

You sometimes gain a little power by taking damage.
Armour fits poorly on your strangely shaped body.
You are very dopey. (Int -4)
A frigid envelope surrounds you and freezes all who hurt you.


Message History

You hit the orc but do no damage.
The orc is moderately wounded.
The orc barely misses you.
Flames lash the orc but do no damage.
The orc is no longer more vulnerable to fire.
The orc hits you with a +0 falchion!
An orc comes into view. It is wielding a +0 war axe.
You hit the orc but do no damage.
The orc is moderately wounded.
The orc hits you with a +0 falchion.
* * * LOW HITPOINT WARNING * * *
It was a potion of mutation.
You feel extremely strange.
You feel stupid.
Your body twists and deforms.
You feel stupid.
Your skin feels very cold.
The orc barely misses you.
It was a potion of berserk rage.
A red film seems to cover your vision as you go berserk!
You feel yourself moving faster!
You feel mighty! The orc barely misses you.
You closely miss the orc.
The orc is moderately wounded.
The orc hits you with a +0 falchion.
* * * LOW HITPOINT WARNING * * *
The orc is very cold.
The orc is severely wounded.
You closely miss the orc.
The orc is severely wounded.
The orc misses you.
You closely miss the orc.
The orc is severely wounded.
You puncture the orc!
You kill the orc!
You hit the orc.
The orc is heavily wounded.
The orc completely misses you.
You closely miss the orc.
The orc is heavily wounded.
You barely miss the orc.
The orc is heavily wounded.
The orc hits you with a +0 war axe!
You die...

#)# #+# #.# #####
#.#
#####o###...###.#
#...............##
#.###.##)...##...##
#.##..........#
#...)..#.#...######
####o###.#.........
#@# #.##.#######
#.....##.#
..######.# #### #.#
#.# #.# ##
######### #.######
#. #.......#
#......# #.
#.#####.#
#......###.


You could see an orc.

Vanquished Creatures
  A gnoll (D:1)
  2 worms (D:2)
  3 orcs (D:3)
  3 endoplasms
  2 giant cockroaches (D:1)
  4 goblins
  6 hobgoblins
  2 jackals (D:2)
  2 quokkas (D:1)
  5 ball pythons (D:1)
  2 bats (D:1)
  4 frilled lizards
  4 kobolds
  2 rats
42 creatures vanquished.

Vanquished Creatures (others)
  93 foxfires (D:1)
93 creatures vanquished.

Grand Total: 135 creatures vanquished

Notes
Turn   | Place    | Note
-------+----------+-------------------------------------------
     0 | D:1      | DemonSlayer the Demonspawn Fire Elementalist began the
                  | quest for the Orb.
     0 | D:1      | Reached XP level 1. HP: 13/13 MP: 3/3
   252 | D:1      | Gained mutation: You sometimes gain a little power by
                  | taking damage. [demonic ancestry]
   252 | D:1      | Reached XP level 2. HP: 17/19 MP: 1/5
   255 | D:1      | Learned a level 2 spell: Scorch
   508 | D:1      | Reached skill level 3 in Fire Magic
   576 | D:1      | Found a faded altar of an unknown god.
  1058 | D:1      | Reached XP level 3. HP: 24/24 MP: 2/6
  1062 | D:1      | Learned a level 3 spell: Conjure Flame
  2346 | D:3      | Gained mutation: You are dopey. (Int -2) [potion of
                  | mutation]
  2346 | D:3      | Gained mutation: Armour fits poorly on your strangely
                  | shaped body. [potion of mutation]
  2346 | D:3      | Gained mutation: You are very dopey. (Int -4) [potion of
                  | mutation]
  2346 | D:3      | Gained mutation: A frigid envelope surrounds you and
                  | freezes all who hurt you. [potion of mutation]
  2354 | D:3      | Slain by an orc

Illustrated notes

Levels and vault maps discovered:
D:1:      dpeg_arrival_fog, layout_loops_corners,
          chequers_ecumenical_altar_island, serial_rivers,
          chequers_serial_rivers_marsh, chequers_serial_rivers_small_3,
          chequers_serial_rivers_small_a, chequers_serial_rivers_micro_c
D:2:      layout_loops_cross
D:3:      layout_loops_corners, uniq_sigmund

Skill      XL: |  1  2 |
---------------+-------+-----
Fire Magic     | 3 |  3.4
Stealth        | 2 |  2.2
Dodging        | |  1.9
Spellcasting   | |  2.8
Conjurations   | |  1.3

Action                   || total
-------------------------++-------
Melee: Unarmed           ||     1
       Dagger            ||    18
 Cast: Foxfire           ||    54
       Scorch            ||    32
  Use: Potion            ||     2
 Stab: Sleeping          ||     3
Armor: Robe              ||     2
Dodge: Dodged            ||    12
